 Dungeon Crawl Stone Soup version 0.25-a0-41-g6cf4ce537d (webtiles) character file.

Game seed: 861897521398049522, levelgen mode: deterministic

116 Gumption the Shield-Bearer (level 5, -1/33 HPs)
             Began as a Gargoyle Fighter on Oct 21, 2019.
             Was a Follower of Cheibriados.
             Slain by an orc priest (2 damage)
             ... on level 3 of the Dungeon.
             The game lasted 00:13:41 (2510 turns).

Gumption the Shield-Bearer (Gargoyle Fighter)       Turns: 2510, Time: 00:13:41

Health: -1/33      AC: 14    Str: 24    XL:     5   Next: 1%
Magic:  5/5        EV:  7    Int: 11    God:    Cheibriados [*.....]
Gold:   122        SH: 10    Dex: 12    Spells: 4/4 levels left

rFire    . . .     SeeInvis .   a - +0 flail
rCold    . . .     Gourm    .   c - +0 shield
rNeg     + . .     Faith    .   b - +0 scale mail
rPois    ∞         Spirit   .   u - +0 helmet
rElec    +         Reflect  .   o - +0 cloak
rCorr    .         Harm     .   h - +0 pair of gloves
MR       .....                  (no boots)
Stlth    ..........             (no amulet)
HPRegen  0.11/turn              (no ring)
MPRegen  0.09/turn              (no ring)

@: very slow
A: negative energy resistance 1, electricity resistance, unbreathing,
petrification resistance, rot immunity, AC +4
a: Bend Time, Renounce Religion


You were on level 3 of the Dungeon.
You worshipped Cheibriados.
Cheibriados was aware of your devotion.
You were not hungry.

You visited 1 branch of the dungeon, and saw 3 of its levels.

You collected 122 gold pieces.

Inventory:

Hand Weapons
 a - a +0 flail (weapon)
Missiles
 e - 111 stones (quivered)
Armour
 b - a +0 scale mail (worn)
 c - a +0 shield (worn)
 h - a +0 pair of gloves (worn)
 o - a +0 cloak (worn)
 u - a +0 helmet (worn)
Jewellery
 s - a cursed amulet of inaccuracy {unknown}
 t - a +3 ring of slaying {unknown}
Scrolls
 f - 2 scrolls of remove curse {unknown}
 i - a scroll of fog {unknown}
 k - 2 scrolls of fear {unknown}
 p - a scroll of teleportation {unknown}
 w - a scroll of magic mapping {unknown}
Potions
 d - 2 potions of might
 g - 4 potions of brilliance {unknown}
 j - 2 potions of invisibility {unknown}
 l - a potion of curing
 m - a potion of lignification
 n - a potion of mutation
 q - a potion of heal wounds {unknown}
Comestibles
 r - a ration
 v - 11 chunks of flesh


   Skills:
 + Level 3.8 Fighting
 * Level 3.2 Maces & Flails
 + Level 3.8 Armour
 * Level 4.4 Shields


You had 4 spell levels left.
You didn't know any spells.
Your spell library was empty.

Dungeon Overview and Level Annotations

Branches:
Dungeon (3/15)

Altars:
Cheibriados
Ru
Vehumet
Wu Jian
Yredelemnul


Innate Abilities, Weirdness & Mutations

You are resistant to torment.
Your stone body is resilient. (AC +4)
You are immune to poison.
You resist negative energy. (rN+)
You are resistant to electric shocks. (rElec)
You can survive without breathing.
You are immune to petrification.
You are immune to rotting.


Message History

Cheibriados appreciates the change of pace.
You block the orc's attack.
You hit the orc but do no damage. You block the orc's attack.
You barely miss the orc. You block the orc's attack.
You barely miss the orc. The orc hits you but does no damage.
You sock the orc!
You kill the orc!
Cheibriados appreciates the change of pace.
Cheibriados raises the support of your attributes as your movement slows.
You have reached level 5!
The orc priest calls down the wrath of Beogh upon you.
Beogh smites you!
* * * LOW HITPOINT WARNING * * *
The orc priest hits you but does no damage.
The orc priest completely misses you.
Items here: $ ))) [[ ††† You closely miss the orc priest.
The orc priest barely misses you.
You closely miss the orc priest. You block the orc priest's attack.
You closely miss the orc priest. The orc priest hits you.
You die...

........###........#
.######.#..........#
#.#.........##
#.#.........# #####
#.#.........###......
#[###.####...o.o.....
#.# #.# #)####......
..# #)####.# .....
#.#..@o# ....
#)#.#### ... #)#.# o.
#.#.### . #.....#
##.....## #.......#
#.......#
#............#


You could see an orc priest.

Vanquished Creatures
  An orc wizard (D:3)
  Robin (D:3)
  2 oozes
  A worm (D:3)
  A dart slug (D:1)
  3 orcs (D:3)
  2 ball pythons
  15 goblins
  10 hobgoblins
  7 jackals
  A quokka (D:3)
  5 bats
  3 frilled lizards
  3 kobolds
  4 rats
59 creatures vanquished.

Notes
Turn   | Place    | Note
-------+----------+-------------------------------------------
     0 | D:1      | Gumption the Gargoyle Fighter began the quest for the Orb.
     0 | D:1      | Reached XP level 1. HP: 14/14 MP: 1/1
   300 | D:1      | Reached XP level 2. HP: 19/19 MP: 2/2
  1013 | D:2      | Reached XP level 3. HP: 23/23 MP: 3/3
  1096 | D:2      | Found a basalt altar of Yredelemnul.
  1096 | D:2      | Found an ornate altar of the Wu Jian Council.
  1096 | D:2      | Found a sacrificial altar of Ru.
  1952 | D:2      | Found a snail-covered altar of Cheibriados.
  1952 | D:2      | Found a radiant altar of Vehumet.
  1969 | D:2      | Became a worshipper of Cheibriados the Contemplative
  2054 | D:3      | Reached skill level 4 in Shields
  2065 | D:3      | Reached XP level 4. HP: 4/29 MP: 4/4
  2405 | D:3      | Noticed Robin
  2408 | D:3      | Reached * piety under Cheibriados
  2429 | D:3      | Killed Robin
  2506 | D:3      | Reached XP level 5. HP: 13/33 MP: 5/5
  2506 | D:3      | HP: 1/33 [orc priest/divine providence (13)]
  2510 | D:3      | Slain by an orc priest

Levels and vault maps discovered:
D:1:      nagdon_arrival_zigzag_paths, layout_loops_corners,
          hangedman_decor_push
D:2:      layout_loops_corners, gammafunk_temple_overflow_pools,
          chequers_temple_overflow_statue_of_worship, serial_glass,
          glass_columns_a, glass_columns_b, minmay_diced_spiral
D:3:      layout_basic, first_ration, uniq_terence, uniq_robin

Skill      XL: |  1  2  3  4 |
---------------+-------------+-----
Shields        | 4 |  4.4
Maces & Flails | 3 |  3.2
Fighting       | |  3.8
Armour         | |  3.8

Action                   |  1- 3 |  4- 6 || total
-------------------------+-------+-------++-------
Melee: Flail             |   169 |    64 ||   233
Throw: Stone             |    36 |     9 ||    45
  Use: Scroll            |     3 |       ||     3
  Eat: Ration            |     1 |       ||     1
       Chunk             |       |     2 ||     2
Armor: Scale mail        |   130 |    16 ||   146
Dodge: Dodged            |    74 |    18 ||    92
Block: Shield            |   131 |    34 ||   165

Table legend:
 A = Non-vault XP
 B = Vault XP
 C = Vault XP percentage of total XP
 D = Non-vault monster count
 E = Vault monster count
 F = Vault count percentage of total count
                 A         B        C        D         E       F
            +---------+---------+-------+---------+---------+-------
      Total |     124 |      43 |  25.7 |      41 |      18 |  30.5
            +---------+---------+-------+---------+---------+-------
        D:1 |      33 |       0 |   0.0 |      15 |       0 |   0.0
        D:2 |      21 |       7 |  25.0 |       9 |       5 |  35.7
        D:3 |      70 |      36 |  34.0 |      17 |      13 |  43.3
            +---------+---------+-------+---------+---------+-------
